[Event "FICS rated blitz game"]
[Site "FICS freechess.org"]
[FICSGamesDBGameNo "20001300"]
[White "Taffa"]
[Black "Torminator"]
[WhiteElo "1619"]
[BlackElo "1568"]
[WhiteRD "na"]
[BlackRD "na"]
[TimeControl "300+0"]
[Date "1999.08.12"]
[Time "15:31:00"]
[WhiteClock "0:05:00.000"]
[BlackClock "0:05:00.000"]
[ECO "B06"]
[PlyCount "50"]
[Result "0-1"]

1. e4 g6 2. d4 Bg7 3. f4 f5 4. Nf3 fxe4 5. Ng5 d5 6. c4 c6 7. g3 Nf6 8. cxd5 Qxd5 9. Nc3 Qa5 10. Bc4 Nd5 11. Bd2 e3 12. Bc1 Nxc3 13. Bf7+ Kf8 14. bxc3 Qxc3+ 15. Bd2 exd2+ 16. Qxd2 Qxa1+ 17. Ke2 Qxh1 18. Qe3 Qxh2+ 19. Kd3 Bf5+ 20. Kc3 Qc2+ 21. Kb4 a5+ 22. Ka3 b5 23. Bb3 Qb1 24. Ne6+ Bxe6 25. Qxe6 Qc1# {White checkmated} 0-1

[Event "FICS rated blitz game"]
[Site "FICS freechess.org"]
[FICSGamesDBGameNo "20001299"]
[White "Blueberry"]
[Black "ARDA"]
[WhiteElo "1951"]
[BlackElo "1770"]
[WhiteRD "na"]
[BlackRD "na"]
[TimeControl "180+0"]
[Date "1999.08.12"]
[Time "10:51:00"]
[WhiteClock "0:03:00.000"]
[BlackClock "0:03:00.000"]
[ECO "B21"]
[PlyCount "53"]
[Result "1-0"]

1. e4 c5 2. d4 cxd4 3. c3 dxc3 4. Nxc3 e6 5. Nf3 Bb4 6. Bc4 Bxc3+ 7. bxc3 Ne7 8. Bg5 O-O 9. O-O h6 10. Bh4 a6 11. e5 b5 12. Bd3 Bb7 13. Qe2 Qe8 14. Rfe1 Nd5 15. Qe4 g6 16. a4 Qc8 17. Qg4 Kg7 18. Rac1 bxa4 19. c4 Nb4 20. Bf6+ Kh7 21. Bb1 N8c6 22. Ng5+ Kg8 23. Nxf7 Rxf7 24. Qxg6+ Kf8 25. Qxh6+ Ke8 26. Qh8+ Rf8 27. Bg6# {Black checkmated} 1-0

[Event "FICS rated blitz game"]
[Site "FICS freechess.org"]
[FICSGamesDBGameNo "20001298"]
[White "erkan"]
[Black "frode"]
[WhiteElo "1737"]
[BlackElo "1699"]
[WhiteRD "na"]
[BlackRD "na"]
[TimeControl "180+0"]
[Date "1999.08.12"]
[Time "09:00:00"]
[WhiteClock "0:03:00.000"]
[BlackClock "0:03:00.000"]
[ECO "C80"]
[PlyCount "47"]
[Result "1-0"]

1. e4 e5 2. Nf3 Nc6 3. Bb5 a6 4. Ba4 Nf6 5. O-O Nxe4 6. Re1 Nc5 7. Bxc6 dxc6 8. d4 Ne6 9. Nxe5 Bd6 10. Nd2 O-O 11. Ndf3 c5 12. d5 Bxe5 13. Nxe5 Nd4 14. c3 Nb5 15. Qh5 Nd6 16. Bf4 Qf6 17. Nd3 Bd7 18. Re3 c4 19. Be5 Qg6 20. Qh4 cxd3 21. Rg3 Qxg3 22. Qxg3 g6 23. Qh4 Nf5 24. Qf6 {Black resigns} 1-0

[Event "FICS rated blitz game"]
[Site "FICS freechess.org"]
[FICSGamesDBGameNo "20001297"]
[White "Terniaku(FM)"]
[Black "Helvie"]
[WhiteElo "1992"]
[BlackElo "2071"]
[WhiteRD "na"]
[BlackRD "na"]
[TimeControl "180+0"]
[Date "1999.08.12"]
[Time "08:27:00"]
[WhiteClock "0:03:00.000"]
[BlackClock "0:03:00.000"]
[ECO "B14"]
[PlyCount "80"]
[Result "0-1"]

1. e4 c6 2. d4 d5 3. exd5 cxd5 4. c4 Nf6 5. Nc3 g6 6. Qb3 Bg7 7. cxd5 O-O 8. Be2 Nbd7 9. Bf3 Nb6 10. Nge2 Bf5 11. a4 Bd3 12. a5 Bc4 13. Qb4 Bxe2 14. Nxe2 Nbxd5 15. Qxb7 Qd6 16. Qb3 Rab8 17. Qd1 e5 18. dxe5 Qxe5 19. O-O Rfd8 20. Re1 Qc7 21. Bg5 Nb4 22. Qa4 Nd3 23. Red1 Rb4 24. Qa3 Qc4 25. Qc3 Qxc3 26. bxc3 Rbb8 27. Nd4 Ne5 28. Be2 Rbc8 29. Bf4 Nc4 30. Rac1 Nxa5 31. Ra1 Nc4 32. Rxa7 Nd5 33. Bf3 Nxf4 34. g3 Bxd4 35. cxd4 Ne6 36. d5 Ne5 37. dxe6 Nxf3+ 38. Kg2 Rxd1 39. exf7+ Kf8 40. Kxf3 Rcd8 {White resigns} 0-1

[Event "FICS rated blitz game"]
[Site "FICS freechess.org"]
[FICSGamesDBGameNo "20001296"]
[White "bigboss"]
[Black "ChessRambo"]
[WhiteElo "1568"]
[BlackElo "1713"]
[WhiteRD "na"]
[BlackRD "na"]
[TimeControl "180+0"]
[Date "1999.08.12"]
[Time "07:12:00"]
[WhiteClock "0:03:00.000"]
[BlackClock "0:03:00.000"]
[ECO "E00"]
[PlyCount "120"]
[Result "0-1"]

1. d4 Nf6 2. c4 e6 3. Nc3 c5 4. Bg5 cxd4 5. Qxd4 Be7 6. Ne4 Nxe4 7. Bxe7 Qxe7 8. Qxe4 Qb4+ 9. Kd1 Qxb2 10. Rb1 Qxa2 11. Nf3 d5 12. cxd5 Qxd5+ 13. Qxd5 exd5 14. e3 Nc6 15. Bd3 O-O 16. Ke2 b6 17. Rhc1 Na5 18. Rc7 Bg4 19. h3 Bxf3+ 20. Kxf3 Rfc8 21. Rbc1 Rxc7 22. Rxc7 Nb3 23. e4 dxe4+ 24. Bxe4 Nd2+ 25. Kf4 Nxe4 26. Kxe4 Kf8 27. Kd5 Rd8+ 28. Kc6 a5 29. f4 Ra8 30. Kxb6 a4 31. Rc2 a3 32. Ra2 Ke7 33. Kb5 Kf6 34. g4 h5 35. Kb4 hxg4 36. hxg4 g5 37. f5 Ke5 38. Kb3 Kf4 39. Rd2 Kxg4 40. Ka2 Kxf5 41. Rf2+ Kg6 42. Re2 f5 43. Re6+ Kh5 44. Re5 Kg4 45. Re2 f4 46. Rg2+ Kf5 47. Rd2 g4 48. Rd5+ Ke4 49. Rb5 g3 50. Rb4+ Kf3 51. Rb3+ Kg4 52. Rd3 f3 53. Rd4+ Kh3 54. Rd3 f2 55. Rd1 g2 56. Rd3+ Kh2 57. Rd1 g1=Q 58. Rd3 Qe1 59. Rh3+ Kxh3 60. Kb3 f1=Q {White resigns} 0-1

[Event "FICS rated blitz game"]
[Site "FICS freechess.org"]
[FICSGamesDBGameNo "20001294"]
[White "leusden"]
[Black "SLAPWA"]
[WhiteElo "1566"]
[BlackElo "1519"]
[WhiteRD "na"]
[BlackRD "na"]
[TimeControl "300+0"]
[Date "1999.08.12"]
[Time "06:08:00"]
[WhiteClock "0:05:00.000"]
[BlackClock "0:05:00.000"]
[ECO "A05"]
[PlyCount "76"]
[Result "0-1"]

1. Nf3 g6 2. g3 Bg7 3. Bg2 Nf6 4. O-O d6 5. d3 O-O 6. Nbd2 e5 7. e4 Nc6 8. c3 Nh5 9. Qe2 Be6 10. Nh4 Bf6 11. Qe1 Bxh4 12. gxh4 Qxh4 13. Nf3 Qe7 14. Ng5 Nf4 15. Bxf4 exf4 16. Nxe6 fxe6 17. f3 e5 18. Bh3 h5 19. Kh1 Kh7 20. Rg1 Nd8 21. Qf2 Nf7 22. Rg2 Rg8 23. Rag1 Rg7 24. Bf5 Rag8 25. Bg4 hxg4 26. Rxg4 Nh6 27. Rh4 g5 28. Rh3 Qd7 29. Qg2 Rg6 30. Rh5 g4 31. Qf2 gxf3 32. Rxg6 Rxg6 33. Qxf3 Qg4 34. Qxg4 Rxg4 35. Rh3 Kg7 36. Rf3 Rg6 37. h3 Rg3 38. Kh2 Rxf3 {White resigns} 0-1

[Event "FICS rated blitz game"]
[Site "FICS freechess.org"]
[FICSGamesDBGameNo "20001292"]
[White "Emyc"]
[Black "Respect"]
[WhiteElo "1415"]
[BlackElo "1290"]
[WhiteRD "na"]
[BlackRD "na"]
[TimeControl "120+12"]
[Date "1999.08.12"]
[Time "04:09:00"]
[WhiteClock "0:02:00.000"]
[BlackClock "0:02:00.000"]
[ECO "D10"]
[PlyCount "54"]
[Result "0-1"]

1. d4 d5 2. c4 c6 3. Nc3 Nf6 4. cxd5 cxd5 5. Bg5 e6 6. e3 Be7 7. Bd3 O-O 8. Nf3 Nc6 9. a3 Bd7 10. O-O Qc7 11. Rc1 Rfc8 12. Bxf6 Bxf6 13. Qc2 a6 14. Bxh7+ Kh8 15. Na4 g6 16. Bxg6 fxg6 17. Qxg6 Qd8 18. Nb6 Be8 19. Qh6+ Kg8 20. Nxc8 Rxc8 21. Ne5 Qe7 22. f4 Bg7 23. Qh3 Rc7 24. Rf3 Bf7 25. Rg3 Kf8 26. Rf1 Qf6 27. Rff3 Qh6 {White forfeits on time} 0-1

[Event "FICS rated blitz game"]
[Site "FICS freechess.org"]
[FICSGamesDBGameNo "20001291"]
[White "PowerSchmil"]
[Black "Rychu"]
[WhiteElo "1540"]
[BlackElo "1415"]
[WhiteRD "na"]
[BlackRD "na"]
[TimeControl "120+12"]
[Date "1999.08.12"]
[Time "03:20:00"]
[WhiteClock "0:02:00.000"]
[BlackClock "0:02:00.000"]
[ECO "B50"]
[PlyCount "57"]
[Result "1-0"]

1. e4 c5 2. Nf3 d6 3. g3 Nc6 4. Bg2 Nf6 5. d3 Bg4 6. Nbd2 e5 7. O-O Be7 8. Re1 O-O 9. c3 a6 10. h3 Bxf3 11. Nxf3 b5 12. d4 cxd4 13. cxd4 Qc7 14. Bg5 h6 15. Bxf6 Bxf6 16. Rc1 Qb6 17. dxe5 Nxe5 18. Nxe5 dxe5 19. Qb3 Rac8 20. Rc3 Be7 21. Rec1 Bc5 22. Qc2 Rc7 23. Rxc5 Rxc5 24. Qxc5 Qxc5 25. Rxc5 Rd8 26. Rc2 Rd1+ 27. Bf1 Re1 28. f3 Re3 29. Kf2 {Black resigns} 1-0

[Event "FICS rated lightning game"]
[Site "FICS freechess.org"]
[FICSGamesDBGameNo "20001290"]
[White "giblet"]
[Black "bofunome"]
[WhiteElo "1693"]
[BlackElo "1885"]
[WhiteRD "na"]
[BlackRD "na"]
[TimeControl "0+1"]
[Date "1999.08.11"]
[Time "21:05:00"]
[WhiteClock "0:10.000"]
[BlackClock "0:10.000"]
[ECO "A21"]
[PlyCount "83"]
[Result "1-0"]

1. c4 e5 2. Nc3 f6 3. Nf3 b6 4. d4 exd4 5. Nxd4 Bc5 6. e4 Ne7 7. Be3 O-O 8. Be2 Bb7 9. O-O Ng6 10. a3 Bxd4 11. Bxd4 d6 12. g3 Nd7 13. b3 Nc5 14. Bf3 Ne5 15. Bg2 Qe8 16. Re1 Ned3 17. Rf1 Qg6 18. Bxc5 Nxc5 19. b4 Nxe4 20. Nxe4 Bxe4 21. Re1 Bxg2 22. Kxg2 Rfe8 23. Qd5+ Kh8 24. Qc6 Rad8 25. Qxc7 Rc8 26. Rxe8+ Rxe8 27. Qxd6 Qf7 28. Qd5 Qxd5+ 29. cxd5 Rd8 30. Rd1 Rd6 31. Kf3 Kg8 32. Ke4 Kf7 33. Kd4 Ke7 34. Rc1 Kd7 35. b5 Kd8 36. Rc6 Kd7 37. Rxd6+ Kxd6 38. f4 g6 39. g4 h6 40. h4 f5 41. gxf5 gxf5 42. h5 {Black forfeits on time} 1-0

[Event "FICS rated standard game"]
[Site "FICS freechess.org"]
[FICSGamesDBGameNo "20001289"]
[White "Miqualle"]
[Black "DamianoJ"]
[WhiteElo "1260"]
[BlackElo "1487"]
[WhiteRD "na"]
[BlackRD "na"]
[TimeControl "1200+15"]
[Date "1999.08.11"]
[Time "20:24:00"]
[WhiteClock "0:20:00.000"]
[BlackClock "0:20:00.000"]
[ECO "C22"]
[PlyCount "37"]
[Result "0-1"]

1. e4 e5 2. d4 exd4 3. Qxd4 Nc6 4. Qc3 Qf6 5. Bb5 Qxc3+ 6. Nxc3 Nge7 7. Bxc6 Nxc6 8. Bf4 d6 9. O-O-O Be6 10. Nge2 O-O-O 11. Rd2 g6 12. Rhd1 Bg7 13. Nd5 Bxd5 14. exd5 Ne5 15. Nc3 Rhe8 16. f3 f5 17. Bg5 Rd7 18. Nb5 Nf7 19. Be3 {White resigns} 0-1

[Event "FICS rated lightning game"]
[Site "FICS freechess.org"]
[FICSGamesDBGameNo "20001288"]
[White "LowProfile"]
[Black "bofunome"]
[WhiteElo "1677"]
[BlackElo "1919"]
[WhiteRD "na"]
[BlackRD "na"]
[TimeControl "60+0"]
[Date "1999.08.11"]
[Time "20:16:00"]
[WhiteClock "0:01:00.000"]
[BlackClock "0:01:00.000"]
[ECO "A90"]
[PlyCount "61"]
[Result "1/2-1/2"]

1. d4 f5 2. c4 Nf6 3. g3 e6 4. a3 b6 5. Bg2 Nc6 6. b4 a6 7. b5 axb5 8. cxb5 Bb7 9. bxc6 Bxc6 10. Bxc6 dxc6 11. Nf3 Bd6 12. O-O O-O 13. Nc3 Ne4 14. Nxe4 fxe4 15. Ng5 Qd7 16. Nxe4 Rad8 17. Nxd6 Qxd6 18. e3 Qe7 19. a4 e5 20. Ba3 c5 21. Qb3+ Kh8 22. dxc5 bxc5 23. Rac1 Qf6 24. Bxc5 Rf7 25. Rfd1 Qxf2+ 26. Kh1 Qf3+ 27. Kg1 Qf2+ 28. Kh1 Qf3+ 29. Kg1 Qf2+ 30. Kh1 Qf3+ 31. Kg1 {Game drawn by repetition} 1/2-1/2

[Event "FICS rated blitz game"]
[Site "FICS freechess.org"]
[FICSGamesDBGameNo "20001287"]
[White "lenthemug"]
[Black "JeffreyOM"]
[WhiteElo "1601"]
[BlackElo "1642"]
[WhiteRD "na"]
[BlackRD "na"]
[TimeControl "300+0"]
[Date "1999.08.11"]
[Time "20:15:00"]
[WhiteClock "0:05:00.000"]
[BlackClock "0:05:00.000"]
[ECO "D55"]
[PlyCount "51"]
[Result "1-0"]

1. d4 Nf6 2. Nf3 e6 3. c4 d5 4. Nc3 Be7 5. Bg5 O-O 6. e3 b6 7. Be2 Bb7 8. O-O dxc4 9. Bxc4 Nbd7 10. Ne5 Nxe5 11. dxe5 Qxd1 12. Raxd1 Nd5 13. Bxe7 Nxe7 14. Rd7 Ng6 15. Rxc7 Rab8 16. f4 Rfc8 17. Rxc8+ Rxc8 18. Bb3 a6 19. Rd1 h6 20. Rd7 Ba8 21. Ra7 a5 22. f5 Nxe5 23. fxe6 f6 24. e7+ Kh8 25. Ba4 Ng6 26. e8=Q+ {Black resigns} 1-0

[Event "FICS rated lightning game"]
[Site "FICS freechess.org"]
[FICSGamesDBGameNo "20001286"]
[White "UncleBanana"]
[Black "Primzy"]
[WhiteElo "1935"]
[BlackElo "1856"]
[WhiteRD "na"]
[BlackRD "na"]
[TimeControl "60+0"]
[Date "1999.08.11"]
[Time "17:10:00"]
[WhiteClock "0:01:00.000"]
[BlackClock "0:01:00.000"]
[ECO "D00"]
[PlyCount "94"]
[Result "0-1"]

1. d4 d5 2. Bg5 f6 3. Bh4 e6 4. e3 Bd6 5. Bd3 Ne7 6. Qh5+ g6 7. Qh6 Nf5 8. Bxf5 exf5 9. Qg7 Rf8 10. Nc3 g5 11. Bg3 Bxg3 12. hxg3 c6 13. O-O-O Qd7 14. Rxh7 Qxg7 15. Rxg7 Be6 16. Nf3 Nd7 17. Rh1 O-O-O 18. Rhh7 f4 19. gxf4 gxf4 20. Re7 Bf5 21. exf4 Bxh7 22. Rxh7 Rh8 23. Rxh8 Rxh8 24. Kd2 Rh1 25. Ke2 Ra1 26. b3 Rc1 27. Kd2 Rf1 28. Ke2 Rh1 29. Kd2 Nb6 30. f5 Ra1 31. g3 a5 32. g4 a4 33. Ne5 axb3 34. axb3 Ra8 35. g5 fxe5 36. dxe5 Kd7 37. e6+ Ke7 38. f4 Nc8 39. Ne2 Nd6 40. f6+ Kxe6 41. Nd4+ Kf7 42. f5 Ne4+ 43. Ke3 Nxf6 44. Ne6 Ng4+ 45. Ke2 Re8 46. Kd1 Rxe6 47. Kd2 Re2+ {White forfeits on time} 0-1

[Event "FICS rated blitz game"]
[Site "FICS freechess.org"]
[FICSGamesDBGameNo "20001284"]
[White "Parini"]
[Black "JohnX"]
[WhiteElo "1386"]
[BlackElo "1497"]
[WhiteRD "na"]
[BlackRD "na"]
[TimeControl "180+0"]
[Date "1999.08.11"]
[Time "16:56:00"]
[WhiteClock "0:03:00.000"]
[BlackClock "0:03:00.000"]
[ECO "A50"]
[PlyCount "90"]
[Result "0-1"]

1. d4 Nf6 2. c4 Nc6 3. Nf3 e6 4. Nc3 d5 5. Bg5 Be7 6. e3 dxc4 7. Bxc4 O-O 8. e4 h6 9. e5 hxg5 10. exf6 Bxf6 11. Ne2 a6 12. g4 b5 13. Bb3 Bb7 14. Bc2 Nb4 15. Neg1 Nxc2+ 16. Qxc2 Bxd4 17. Rd1 c5 18. Ke2 Qd5 19. Nxg5 Qxg5 20. Nf3 Qxg4 21. Rd3 Rfd8 22. h3 Qe4+ 23. Kf1 Qf5 24. Qe2 Bxf3 25. Rxf3 Qh5 26. Rg1 Rd7 27. Rxg7+ Kxg7 28. Rg3+ Qg6 29. Rxg6+ fxg6 30. Qg4 Rf7 31. f3 Raf8 32. Kg2 Be5 33. Qxe6 Bb8 34. Qd5 Rxf3 35. Qxf3 Rxf3 36. Kxf3 Kf6 37. b3 Ke5 38. Ke3 a5 39. a3 a4 40. bxa4 b4 41. axb4 cxb4 42. a5 b3 43. Kd3 b2 44. Kc3 b1=Q 45. Kd2 Qb4+ {White forfeits on time} 0-1

[Event "FICS rated blitz game"]
[Site "FICS freechess.org"]
[FICSGamesDBGameNo "20001283"]
[White "Normator"]
[Black "Moondog"]
[WhiteElo "1753"]
[BlackElo "1691"]
[WhiteRD "na"]
[BlackRD "na"]
[TimeControl "180+0"]
[Date "1999.08.11"]
[Time "15:48:00"]
[WhiteClock "0:03:00.000"]
[BlackClock "0:03:00.000"]
[ECO "D07"]
[PlyCount "47"]
[Result "1-0"]

1. d4 d5 2. c4 Nc6 3. Nf3 Bg4 4. e3 e5 5. cxd5 Qxd5 6. Nc3 Bb4 7. Be2 O-O-O 8. a3 Bxc3+ 9. bxc3 e4 10. Nd2 Bxe2 11. Qxe2 Nf6 12. c4 Qf5 13. Bb2 Rhe8 14. Rb1 b6 15. c5 Kb8 16. Ba1 Qd5 17. O-O h5 18. Rfc1 Na5 19. cxb6 cxb6 20. Rb5 Qa2 21. Rxa5 bxa5 22. Qb5+ Ka8 23. Qc6+ Kb8 24. Rb1+ {Black resigns} 1-0

[Event "FICS rated blitz game"]
[Site "FICS freechess.org"]
[FICSGamesDBGameNo "20001282"]
[White "MEGAMAN"]
[Black "Surok"]
[WhiteElo "1560"]
[BlackElo "1591"]
[WhiteRD "na"]
[BlackRD "na"]
[TimeControl "300+12"]
[Date "1999.08.11"]
[Time "11:17:00"]
[WhiteClock "0:05:00.000"]
[BlackClock "0:05:00.000"]
[ECO "B17"]
[PlyCount "132"]
[Result "1/2-1/2"]

1. e4 c6 2. d4 d5 3. Nc3 dxe4 4. Nxe4 Nd7 5. Bc4 Ngf6 6. Ng5 Nd5 7. Qf3 N7f6 8. h3 e6 9. Ne2 Be7 10. Nc3 O-O 11. h4 h6 12. Nge4 Nxc3 13. Nxf6+ Bxf6 14. bxc3 e5 15. Ba3 Re8 16. O-O exd4 17. cxd4 Be6 18. Bxe6 Rxe6 19. c3 Bxh4 20. Rae1 Qe8 21. Rxe6 Qxe6 22. g3 Bf6 23. Qe3 Re8 24. Re1 Qxe3 25. fxe3 Be7 26. Bc1 Bd6 27. Kg2 Re4 28. Kf3 Re6 29. e4 Rg6 30. e5 Be7 31. c4 Bb4 32. Re2 Kf8 33. a3 Ba5 34. d5 cxd5 35. cxd5 Ke7 36. Rb2 b6 37. Rc2 b5 38. Rc5 a6 39. Bf4 Kd7 40. Ke4 Rg4 41. Kf5 Rg6 42. Rc2 Be1 43. Re2 Bxg3 44. e6+ Ke7 45. d6+ Ke8 46. exf7+ Kxf7 47. Re7+ Kf8 48. Bxg3 Rxg3 49. Ke6 Re3+ 50. Kd7 Rd3 51. Kc7 Rc3+ 52. Kd8 Rxa3 53. d7 Rd3 54. Re4 g5 55. Kc7 Rc3+ 56. Kd8 h5 57. Re5 g4 58. Rxh5 g3 59. Rg5 b4 60. Rf5+ Kg7 61. Ke7 Re3+ 62. Kd6 g2 63. Rg5+ Kf6 64. Rxg2 Rd3+ 65. Kc7 Rc3+ 66. Kd6 Rd3+ {Game drawn by mutual agreement} 1/2-1/2

[Event "FICS rated blitz game"]
[Site "FICS freechess.org"]
[FICSGamesDBGameNo "20001281"]
[White "fencer"]
[Black "navan"]
[WhiteElo "1204"]
[BlackElo "1641"]
[WhiteRD "na"]
[BlackRD "na"]
[TimeControl "180+0"]
[Date "1999.08.11"]
[Time "10:55:00"]
[WhiteClock "0:03:00.000"]
[BlackClock "0:03:00.000"]
[ECO "A00"]
[PlyCount "93"]
[Result "1-0"]

1. e3 e6 2. c4 d5 3. d4 c6 4. c5 Nf6 5. b4 b6 6. Qc2 a5 7. Bd2 Be7 8. a4 O-O 9. b5 cxb5 10. axb5 bxc5 11. dxc5 Qc7 12. c6 e5 13. Be2 Be6 14. Nf3 Ne4 15. O-O Nxd2 16. Nfxd2 d4 17. exd4 exd4 18. Ne4 Bf5 19. f3 Nd7 20. Bd3 Ne5 21. g4 Nxd3 22. Qxd3 Bxe4 23. fxe4 Bd6 24. Rf2 Be5 25. Nd2 a4 26. Nc4 Bd6 27. b6 Qxc6 28. e5 Bc5 29. Rb2 a3 30. Nxa3 Bxa3 31. Rxa3 Rxa3 32. Qxa3 Rb8 33. Qa7 Qc8 34. b7 Qc7 35. Qa8 g6 36. Kf2 Kg7 37. Ke2 d3+ 38. Kxd3 Qd7+ 39. Ke4 Qc6+ 40. Kf4 Qc4+ 41. Kg5 Qc1+ 42. Kh4 Qe1+ 43. Kh3 Qe3+ 44. Kg2 Qe4+ 45. Kf2 Qxe5 46. Qa3 Qc7 47. Qd3 {Black forfeits on time} 1-0

[Event "FICS rated blitz game"]
[Site "FICS freechess.org"]
[FICSGamesDBGameNo "20001280"]
[White "Backis"]
[Black "soon"]
[WhiteElo "1880"]
[BlackElo "1902"]
[WhiteRD "na"]
[BlackRD "na"]
[TimeControl "180+0"]
[Date "1999.08.11"]
[Time "09:05:00"]
[WhiteClock "0:03:00.000"]
[BlackClock "0:03:00.000"]
[ECO "B38"]
[PlyCount "66"]
[Result "0-1"]

1. Nf3 g6 2. c4 Bg7 3. Nc3 c5 4. d4 cxd4 5. Nxd4 Nf6 6. e4 d6 7. Be2 O-O 8. Be3 Nc6 9. Qd2 Re8 10. O-O a6 11. Rac1 Bd7 12. Rfd1 Qc7 13. f3 Rad8 14. Nd5 Qb8 15. b4 Ne5 16. h3 e6 17. Nc3 h5 18. Nb3 Bc8 19. Bb6 Rd7 20. Qe3 Kh7 21. f4 Nc6 22. b5 Ne7 23. a4 d5 24. cxd5 exd5 25. Nxd5 Nexd5 26. Qg3 Nxf4 27. Bc4 Rxd1+ 28. Rxd1 Ne2+ 29. Bxe2 Qxg3 30. Bf2 Qe5 31. Bf3 Nxe4 32. Bd4 Qf4 33. Re1 f5 {White resigns} 0-1

[Event "FICS rated blitz game"]
[Site "FICS freechess.org"]
[FICSGamesDBGameNo "20001279"]
[White "DreamingDolphin"]
[Black "hortus"]
[WhiteElo "1640"]
[BlackElo "1579"]
[WhiteRD "na"]
[BlackRD "na"]
[TimeControl "180+1"]
[Date "1999.08.11"]
[Time "08:48:00"]
[WhiteClock "0:03:00.000"]
[BlackClock "0:03:00.000"]
[ECO "C02"]
[PlyCount "92"]
[Result "0-1"]

1. e4 c5 2. c3 e6 3. d4 d5 4. e5 Nc6 5. Nf3 Qb6 6. a3 Bd7 7. b4 cxd4 8. cxd4 Rc8 9. Bb2 a5 10. b5 Na7 11. a4 Bb4+ 12. Nbd2 Ne7 13. Bd3 Nf5 14. Bxf5 exf5 15. O-O O-O 16. Qb3 Be6 17. Rac1 Rxc1 18. Rxc1 Rc8 19. Bc3 Bxc3 20. Rxc3 Rxc3 21. Qxc3 Nc8 22. Ng5 Qd8 23. Nxe6 fxe6 24. Nb3 b6 25. Qc6 Kf7 26. Nc1 Ne7 27. Qb7 Qc8 28. Qxc8 Nxc8 29. Kf1 Ne7 30. Ke2 g5 31. Kd3 h5 32. Ne2 f4 33. Ng1 Nf5 34. Nf3 Kg6 35. Ng1 g4 36. Ne2 Kg5 37. g3 fxg3 38. hxg3 Ng7 39. Nf4 h4 40. Ne2 h3 41. f4+ Kf5 42. Ke3 Nh5 43. Kf2 Ke4 44. Ng1 Ng7 45. Nxh3 gxh3 46. Kg1 Kxd4 {White forfeits on time} 0-1

[Event "FICS rated standard game"]
[Site "FICS freechess.org"]
[FICSGamesDBGameNo "20001278"]
[White "Iowarizona"]
[Black "Bedling"]
[WhiteElo "1355"]
[BlackElo "1844"]
[WhiteRD "na"]
[BlackRD "na"]
[TimeControl "600+15"]
[Date "1999.08.11"]
[Time "02:47:00"]
[WhiteClock "0:10:00.000"]
[BlackClock "0:10:00.000"]
[ECO "B10"]
[PlyCount "131"]
[Result "1-0"]

1. e4 c6 2. Nf3 d5 3. exd5 cxd5 4. c3 Nf6 5. d4 e6 6. Be3 Bd6 7. Bd3 Nbd7 8. Nbd2 b6 9. c4 Bb7 10. cxd5 Bxd5 11. b3 e5 12. Bc4 exd4 13. Bxd5 Nxd5 14. Nxd4 Nf4 15. O-O O-O 16. Re1 Qh4 17. Bxf4 Bxf4 18. N2f3 Qh5 19. g3 Bc7 20. Nc6 Nc5 21. b4 Ne6 22. Nce5 Bxe5 23. Nxe5 Qxd1 24. Rexd1 Rfe8 25. Nc6 Rec8 26. b5 Nd8 27. Nxd8 Rxd8 28. Rxd8+ Rxd8 29. a4 Ra8 30. a5 bxa5 31. Rxa5 g6 32. h4 Rb8 33. g4 Kg7 34. Kg2 Kh6 35. g5+ Kh5 36. Kg3 Rb6 37. Rxa7 Rxb5 38. Rxf7 Rb3+ 39. f3 h6 40. gxh6 Kxh6 41. Rf6 Rb1 42. Kg2 Kh5 43. Rf4 Rb2+ 44. Kg3 Rb5 45. Rg4 g5 46. Rxg5+ Rxg5+ 47. hxg5 Kxg5 48. f4+ Kf5 49. Kf3 Kf6 50. Kg4 Kf7 51. Kg5 Ke6 52. Kg6 Ke7 53. f5 Kf8 54. Kf6 Kg8 55. Ke7 Kg7 56. f6+ Kh6 57. f7 Kg7 58. f8=Q+ Kg6 59. Ke6 Kg5 60. Qf5+ Kh4 61. Ke5 Kg3 62. Qf4+ Kh3 63. Qg5 Kh2 64. Kf4 Kh1 65. Kf3 Kh2 66. Qg2# {Black checkmated} 1-0

[Event "FICS rated blitz game"]
[Site "FICS freechess.org"]
[FICSGamesDBGameNo "20001277"]
[White "angrygopher"]
[Black "troyl"]
[WhiteElo "820"]
[BlackElo "1060"]
[WhiteRD "na"]
[BlackRD "na"]
[TimeControl "120+12"]
[Date "1999.08.11"]
[Time "02:12:00"]
[WhiteClock "0:02:00.000"]
[BlackClock "0:02:00.000"]
[ECO "C45"]
[PlyCount "44"]
[Result "0-1"]

1. e4 e5 2. Nf3 Nc6 3. d4 exd4 4. Nxd4 Nf6 5. f3 Bc5 6. Be3 Nxd4 7. Bxd4 Bb6 8. Nd2 Bxd4 9. Nc4 Bb6 10. e5 Nh5 11. g4 Nf4 12. Qd2 Qh4+ 13. Kd1 Qf2 14. Qxf4 O-O 15. Kc1 Re8 16. Bd3 c6 17. h4 Bc7 18. g5 b5 19. Bxh7+ Kxh7 20. Nd6 Bxd6 21. exd6 Re1+ 22. Rxe1 Qxe1# {White checkmated} 0-1

[Event "FICS rated blitz game"]
[Site "FICS freechess.org"]
[FICSGamesDBGameNo "20001276"]
[White "Kirby"]
[Black "Dogger"]
[WhiteElo "1800"]
[BlackElo "1570"]
[WhiteRD "na"]
[BlackRD "na"]
[TimeControl "180+0"]
[Date "1999.08.10"]
[Time "21:35:00"]
[WhiteClock "0:03:00.000"]
[BlackClock "0:03:00.000"]
[ECO "B00"]
[PlyCount "63"]
[Result "1-0"]

1. e4 b6 2. d4 Bb7 3. Nc3 e6 4. f4 Bb4 5. Bd3 Nf6 6. Qe2 d5 7. e5 Ne4 8. Bd2 Bxc3 9. bxc3 Qh4+ 10. g3 Nxg3 11. Qf2 Nf5 12. Bxf5 Qxf2+ 13. Kxf2 exf5 14. Nf3 O-O 15. h4 h6 16. h5 Nd7 17. Nh4 c5 18. Rag1 cxd4 19. cxd4 Rac8 20. c3 f6 21. Nxf5 Ba6 22. Ne7+ Kf7 23. Nxc8 Bxc8 24. Rg3 Rg8 25. Rhg1 fxe5 26. fxe5 Nf8 27. Bxh6 Ne6 28. Rf3+ Ke7 29. Bxg7 Rxg7 30. Rxg7+ Nxg7 31. h6 Be6 32. h7 {Black resigns} 1-0

[Event "FICS rated blitz game"]
[Site "FICS freechess.org"]
[FICSGamesDBGameNo "20001275"]
[White "Taffa"]
[Black "Blekleroc"]
[WhiteElo "1631"]
[BlackElo "1330"]
[WhiteRD "na"]
[BlackRD "na"]
[TimeControl "300+0"]
[Date "1999.08.10"]
[Time "19:17:00"]
[WhiteClock "0:05:00.000"]
[BlackClock "0:05:00.000"]
[ECO "C54"]
[PlyCount "87"]
[Result "1-0"]

1. e4 e5 2. Nf3 Nc6 3. Bc4 Bc5 4. c3 Nf6 5. d4 exd4 6. cxd4 Bb4+ 7. Nc3 d5 8. exd5 Nxd5 9. O-O Bxc3 10. bxc3 O-O 11. Bg5 Nce7 12. Bxd5 Qxd5 13. Bxe7 Re8 14. Bg5 Bg4 15. Be3 Bxf3 16. Qxf3 Qxf3 17. gxf3 Re6 18. Rfe1 Rf6 19. f4 Re6 20. Kg2 Rg6+ 21. Kf3 Rh6 22. f5 Rxh2 23. Rg1 Rh5 24. Kg4 g6 25. fxg6 hxg6 26. Rh1 Rf5 27. d5 Rxd5 28. Bd4 f5+ 29. Kg5 Kf7 30. Rh7+ Ke6 31. Re1+ Kd6 32. Ree7 f4+ 33. Kxf4 Rf8+ 34. Ke4 Rdf5 35. Rd7+ Kc6 36. Rxc7+ Kd6 37. Rhd7+ Ke6 38. Re7+ Kd6 39. Be3 Rh8 40. c4 Rh4+ 41. Kd3 Ra5 42. c5+ Kd5 43. Rxb7 Ra3+ 44. Rb3 {Black forfeits on time} 1-0

[Event "FICS rated blitz game"]
[Site "FICS freechess.org"]
[FICSGamesDBGameNo "20001274"]
[White "horian"]
[Black "Timothy"]
[WhiteElo "1348"]
[BlackElo "1373"]
[WhiteRD "na"]
[BlackRD "na"]
[TimeControl "300+0"]
[Date "1999.08.10"]
[Time "17:50:00"]
[WhiteClock "0:05:00.000"]
[BlackClock "0:05:00.000"]
[ECO "A45"]
[PlyCount "90"]
[Result "0-1"]

1. d4 Nf6 2. Bf4 d6 3. e3 g6 4. a3 Bg7 5. Nf3 Bg4 6. h3 Bxf3 7. Qxf3 c6 8. Bc4 Nbd7 9. Kf1 e5 10. dxe5 dxe5 11. Bg5 e4 12. Qf4 O-O 13. Nc3 b5 14. Bb3 a5 15. Rd1 Qb8 16. Rd6 b4 17. Nd1 bxa3 18. bxa3 a4 19. Bc4 Qb1 20. Ke2 Qxc2+ 21. Ke1 Qxc4 22. Bxf6 Nxf6 23. f3 Nd5 24. Qxe4 Qxe4 25. fxe4 Nc3 26. Rxc6 Nxe4 27. Nf2 Ng3 28. Rg1 Rfb8 29. Nd3 Rb1+ 30. Kf2 Rxg1 31. Kxg1 h5 32. Nc5 Nf5 33. e4 Ne3 34. Nd7 Bd4 35. e5 Nc2+ 36. Kh2 Nxa3 37. e6 fxe6 38. Rxe6 Kf7 39. Rd6 Nb5 40. Rd5 a3 41. Rxb5 a2 42. Rb7 Ke6 43. Nb6 a1=Q 44. Nc4 Ra2 45. Rh7 Qf1 {White forfeits on time} 0-1